 Dungeon Crawl Stone Soup version 0.18-a0-1060-g4fac74f (webtiles) character file.

61 Duffy the Magician (level 3, -1/16 HPs)
             Began as a Spriggan Earth Elementalist on Jan 12, 2016.
             Killed from afar by Ijyb (3 damage)
             ... with a wand of magic darts
             ... on level 2 of the Dungeon.
             The game lasted 00:02:08 (1949 turns).

Duffy the Magician (Spriggan Earth Elementalist)    Turns: 1949, Time: 00:02:08

Health: -1/16      AC:  2    Str:  4    XL:     3   Next: 83%
Magic:  0/9        EV: 18    Int: 17    God:
Gold:   115        SH:  0    Dex: 16    Spells: 1 memorised, 9 levels left

rFire  . . .     SeeInvis +     c - book of Geomancy
rCold  . . .     Gourm    .     a - +0 robe
rNeg   . . .     Faith    .     (shield restricted)
rPois  .         Spirit   +     (helmet restricted)
rElec  .         Dismiss  .     (no cloak)
rCorr  .         Reflect  .     (gloves unavailable)
SustAt .         Harm     .     (boots unavailable)
MR     .....                    n - amulet of guardian spirit
Stlth  +++.......               (no ring)
                                (no ring)

@: very quick, not resistant to hostile enchantments, fairly stealthy
A: unfitting armour, see invisible, herbivore 3, speed 3, slow metabolism 2
a: no special abilities


You were on level 2 of the Dungeon.
You were not hungry.

You visited 1 branch of the dungeon, and saw 3 of its levels.

You collected 115 gold pieces.


Innate Abilities, Weirdness & Mutations

You are tiny and cannot use many weapons and most armour.
You have supernaturally acute eyesight.
You are a herbivore.
You cover ground extremely quickly.
You need consume almost no food.


   Skills:
 - Level 3.0 Dodging
 - Level 3.0 Stealth
 + Level 4.0 Spellcasting
   Level 1.3 Transmutations
 + Level 3.6 Earth Magic


You had 9 spell levels left.
You knew the following spells:

 Your Spells              Type           Power        Failure   Level  Hunger
a - Sandblast             Erth           ###...       3%          1    None

Inventory:

Missiles
 b - 47 stones (quivered)
Armour
 a - a +0 robe (worn)
Jewellery
 n - an amulet of guardian spirit (around neck)
Scrolls
 g - a scroll of enchant armour {unknown}
 h - a scroll of remove curse {unknown}
 l - a scroll of noise {unknown}
 m - a scroll of random uselessness {unknown}
 o - a scroll of amnesia {unknown}
 q - a scroll of fear {unknown}
Potions
 e - a potion of brilliance {unknown}
 f - a potion of lignification {unknown}
 i - a potion of magic {unknown}
 j - a potion of might {unknown}
 k - 2 potions of agility {unknown}
Books
 c - a book of Geomancy (in hand)
Comestibles
 d - 2 bread rations
 p - a slice of pizza

Dungeon Overview and Level Annotations

Branches:
Dungeon (3/15)

Altars:
Nemelex Xobeh

Annotations:
D:2 Ijyb


Message History

o - a scroll labeled BOQEXUL BOCWIMP
p - a slice of pizza You see here an amulet of guardian spirit.
q - a scroll labeled CEUMUSERAL Ijyb shouts!
Ijyb zaps a wand.
The magic dart hits you!
There is a stone staircase leading down here.
You climb downwards.
An orc comes into view. It is wielding a dagger.
Found a spear.
There is a stone staircase leading up here.
An orc is nearby!
A ball python, a giant cockroach, an orc and an orc priest come into view.
Cast which spell? (? or * to list)
Aiming: Sandblast
Press: ? - help, Shift-Dir - straight line, f - orc
Aim: an orc, wielding a dagger and wearing a scale mail (resting)
The blast of sand hits the orc.
The orc shouts! x2
The orc priest shouts!
You hear a shout!
The giant cockroach moves out of view.
An orc comes into view. It is wielding a hand axe.
Cast which spell? (? or * to list)
Aiming: Sandblast
Press: ? - help, Shift-Dir - straight line, f/p - orc
Aim: an orc, wielding a dagger and wearing a scale mail The blast of sand hits the orc.
The orc priest mumbles some strange prayers to Beogh against you.
Something smites you!
Ouch! That really hurt!
The orc misses you. x2
There is a stone staircase leading up here.
You climb upwards.
Level annotation: Ijyb Ijyb zaps a wand.
The magic dart hits you!
You die...

# ....)......#
......###.### ##
###.####
#.####....
#.######.........
### #
#.......###.##.
..# #.#####.# #.#
.%...#..# ..#####
# #..."######.
......#
#.##..@........
..###.#
#....g.........
..###.###
####.....#####.
........# ##.).##
.#.##.%.# ##%##
.#.###..# #...#
#....#..# #(..#
#..#.#..# #...#
#.......#
#####...####


You could see Ijyb.

Action                   || total
-------------------------++-------
 Cast: Sandblast         ||    59

Notes
Turn   | Place    | Note
--------------------------------------------------------------
     0 | D:1      | Duffy the Spriggan Earth Elementalist began the quest for the Orb.
     0 | D:1      | Reached XP level 1. HP: 9/9 MP: 5/5
   354 | D:1      | Reached skill level 3 in Spellcasting
   379 | D:1      | Reached skill level 3 in Earth Magic
   450 | D:1      | Reached XP level 2. HP: 13/13 MP: 5/7
  1054 | D:2      | Found a sparkling altar of Nemelex Xobeh.
  1220 | D:1      | Reached XP level 3. HP: 13/16 MP: 2/8
  1685 | D:2      | Reached skill level 4 in Spellcasting
  1690 | D:2      | Noticed Ijyb
  1949 | D:2      | Killed from afar by Ijyb

Vault maps used:
D:1:      saegor_arrival_simple_b
D:2:      nemelex_xobeh_ov_fountains_minmay, uniq_iyjb, uniq_robin
D:3:      lemuel_coloured_pillars_altar, lemuel_zombie_altar_kikubaaqudgha,
          gammafunk_temple_overflow_wave, grunt_ministairs_7, uniq_natasha,
          uniq_terence, uniq_jessica, uniq_crazy_yiuf_cottage

Vanquished Creatures
  3 gnolls
  An adder
  A giant gecko
  6 bats
  2 giant cockroaches
  3 goblins
  2 hobgoblins
  A giant newt
  A kobold
  6 rats
26 creatures vanquished.
